 Dungeon Crawl Stone Soup version 0.28.0-49-g6dfe1f597d (webtiles) character file.

Game seed: 7819197585646791127

67 Holzbalken the Ducker (level 3, -1/28 HPs)
             Began as a Demonspawn Gladiator on May 12, 2022.
             Slain by a worm (6 damage)
             ... on level 3 of the Dungeon.
             The game lasted 00:05:11 (2301 turns).

Holzbalken the Ducker (Demonspawn Gladiator)        Turns: 2301, Time: 00:05:11

Health: -1/28      AC:  6    Str: 16    XL:     3   Next: 98%
Magic:  3/3        EV: 11    Int:  9    God:
Gold:   101        SH:  0    Dex: 14    Spells: 2/2 levels left

rFire   . . .      SeeInvis .   a - +0 war axe
rCold   . . .      Faith    .   (no shield)
rNeg    . . .      Spirit   .   h - +0 ring mail
rPois   .          Reflect  .   c - +0 helmet
rElec   .          Harm     .   (no cloak)
rCorr   .          Rampage  .   (no gloves)
Will    .....                   (no boots)
Stlth   +.........              (no amulet)
HPRegen 0.09/turn               (no ring)
MPRegen 0.08/turn               (no ring)

@: no status effects
A: claws 1
a: no special abilities


You were on level 3 of the Dungeon.
You visited 1 branch of the dungeon, and saw 3 of its levels.

You collected 101 gold pieces.

Inventory:

Hand Weapons
 a - a +0 war axe (weapon)
Missiles
 d - 3 throwing nets (quivered)
 e - 4 silver javelins
Armour
 b - a +0 leather armour
 c - a +0 helmet (worn)
 h - a +0 ring mail (worn)
Scrolls
 i - a scroll of identify {unknown}
 j - a scroll of noise {unknown}
 l - a scroll of teleportation {unknown}
 m - a scroll of enchant armour {unknown}
Potions
 f - a potion of attraction {unknown}
 g - 2 potions of heal wounds {unknown}
 k - 2 potions of lignification {unknown}


   Skills:
 + Level 2.7 Fighting
 + Level 3.1 Axes
 + Level 2.4 Throwing
 + Level 3.2 Dodging


You had 2 spell levels left.
You didn't know any spells.
Your spell library was empty.

Dungeon Overview and Level Annotations

Branches:
Dungeon (3/15)

Altars:

Shops:
D:1 *(*(=


Innate Abilities, Weirdness & Mutations

You have sharp fingernails.


Message History

Done exploring.
There is a stone staircase leading down here.
You climb downwards.
There is a stone staircase leading up here.
A hobgoblin comes into view.
The hobgoblin shouts!
A hobgoblin comes into view.
A worm comes into view.
An adder comes into view.
The adder hisses angrily.
A rat comes into view.
The hobgoblin hits you but does no damage.
The hobgoblin hits you but does no damage.
The hobgoblin barely misses you.
You hit the hobgoblin.
You kill the hobgoblin!
You hit the hobgoblin but do no damage. The hobgoblin hits you.
The adder bites you but does no damage. The hobgoblin hits you.
You barely miss the adder. You closely miss the hobgoblin.
The adder closely misses you. The hobgoblin hits you.
The adder bites you but does no damage.
You hit the adder.
The adder is heavily wounded.
You closely miss the hobgoblin. The adder closely misses you.
The hobgoblin hits you but does no damage.
The adder bites you.
You slash the hobgoblin!
You kill the hobgoblin!
You hit the adder but do no damage.
The adder bites you but does no damage. x2
The adder misses you. The worm bites you. The adder bites you.
The adder closely misses you. The worm misses you. The adder bites you.
The adder barely misses you. The worm bites you.
* * * LOW HITPOINT WARNING * * *
The adder bites you but does no damage. The adder barely misses you.
The worm bites you.
* * * LOW HITPOINT WARNING * * *
The adder barely misses you. The adder closely misses you. The worm bites you.
You die...

### ..#
######.#
....#.#
####...#
..##..#
r..#.S#
#g.#@w#
##.##..#
..####..#...#
#.........###
###.####.##
#.....<.#
#.########


You could see a worm and an adder.

Vanquished Creatures
  An adder (D:2)
  2 dart slugs
  A ball python (D:2)
  6 bats
  8 endoplasms
  2 giant cockroaches (D:2)
  2 goblins (D:1)
  6 hobgoblins
  5 jackals
  3 quokkas
  A frilled lizard (D:1)
  3 kobolds
  6 rats
46 creatures vanquished.

Notes
Turn   | Place    | Note
-------+----------+-------------------------------------------
     0 | D:1      | Holzbalken the Demonspawn Gladiator began the quest for the
                  | Orb.
     0 | D:1      | Reached XP level 1. HP: 16/16 MP: 1/1
    71 | D:1      | Found Fequsyz's General Store.
   287 | D:1      | Found Doosoc's Assorted Antiques.
   289 | D:1      | Found Hungah Xitas's Weapon Emporium.
   337 | D:1      | Gained mutation: You have sharp fingernails. [demonic
                  | ancestry]
   337 | D:1      | Reached XP level 2. HP: 15/22 MP: 2/2
   484 | D:1      | Found Menisy's Jewellery Emporium.
   746 | D:1      | Found Plog's Antique Weapon Emporium.
  1185 | D:1      | Reached XP level 3. HP: 18/28 MP: 3/3
  2301 | D:3      | Slain by a worm

Illustrated notes

Levels and vault maps discovered:
D:1:      elethiomel_arrival_maze, layout_basic, serial_shops, shop,
          nicolae_shop_trees, nicolae_diamond_shop,
          nicolae_shop_temple_entry_statues_fountains,
          nicolae_shop_advertising_works [nicolae_subvault_shop_adworks],
          minmay_octomino_j4
D:2:      layout_basic
D:3:      wad_river_or_something, layout_loops_cross, lemuel_blue_sif_altar,
          zin_purify, minmay_close_crescents, uniq_terence, uniq_jessica,
          uniq_grinder

Skill      XL: |  1  2 |
---------------+-------+-----
Throwing       | 2 |  2.4
Dodging        | 3 |  3.2
Axes           | 3 |  3.1
Fighting       | |  2.7

Action                   || total
-------------------------++-------
Melee: War axe           ||   121
       Punch             ||     1
 Stab: Sleeping          ||     2
Armor: Leather armour    ||    23
       Ring mail         ||    42
Dodge: Dodged            ||    84
